 Dungeon Crawl Stone Soup version 0.18.1-5-g4a78601 (webtiles) character file.

242 Gargoyl the Skirmisher (level 5, -1/42 HPs)
             Began as a Demonspawn Abyssal Knight on May 13, 2016.
             Was a Believer of Lugonu.
             Slain by a worm (5 damage)
             ... on level 2 of the Dungeon.
             The game lasted 00:05:06 (2588 turns).

Gargoyl the Skirmisher (Demonspawn Abyssal Knight)  Turns: 2588, Time: 00:05:07

Health: -1/42      AC:  7    Str: 13    XL:     5   Next: 82%
Magic:  7/7        EV:  9    Int: 13    God:    Lugonu [**....]
Gold:   141        SH:  2    Dex: 13    Spells: 0 memorised, 4 levels left

rFire  . . .     SeeInvis .     o - +2 flail (venom)
rCold  + . .     Gourm    .     g - +0 scale mail
rNeg   . . .     Faith    .     (no shield)
rPois  .         Spirit   .     (no helmet)
rElec  .         Dismiss  .     (no cloak)
rCorr  .         Reflect  +     (no gloves)
SustAt .         Harm     .     (no boots)
MR     .....                    i - +2 amulet of reflection
Stlth  ..........               (no ring)
                                (no ring)

@: not resistant to hostile enchantments, extremely unstealthy
A: cold resistance 1, demonic guardian 1
a: Depart the Abyss, Bend Space, Renounce Religion


You were on level 2 of the Dungeon.
You worshipped Lugonu.
Lugonu was pleased with you.
You were not hungry.

You visited 1 branch of the dungeon, and saw 3 of its levels.
You visited the Abyss 1 time.

You collected 141 gold pieces.

Inventory:

Hand Weapons
 a - a +1 hand axe
 o - a +2 flail of venom (weapon)
Armour
 g - a +0 scale mail (worn)
Jewellery
 i - a +2 amulet of reflection (around neck)
Wands
 f - a wand of slowing (23/48)
 n - a wand of flame (21/48)
Scrolls
 b - 2 scrolls of enchant weapon {unknown}
 d - a scroll of acquirement {unknown}
 h - 3 scrolls of identify {unknown}
 j - 3 scrolls of remove curse {unknown}
 k - a scroll of teleportation {unknown}
 m - a scroll of fear {unknown}
Potions
 e - 2 potions of curing
Comestibles
 c - 3 bread rations


   Skills:
 + Level 4.0 Fighting
 + Level 2.8 Axes
 * Level 3.9 Armour
 + Level 1.7 Dodging
 + Level 2.9 Invocations


You had 4 spell levels left.
You didn't know any spells.

Dungeon Overview and Level Annotations

Branches:
Dungeon (3/15)

Altars:


Innate Abilities, Weirdness & Mutations

A weak demonic guardian rushes to your aid.
Your flesh is cold resistant.


Message History

Your quasit disappears in a puff of smoke!
The jackal bites you but does no damage.
The worm barely misses you. The jackal completely misses you.
Unknown command.
Terence shouts!
You hit the jackal but do no damage.
The jackal is poisoned.
You kill Terence!
Lugonu accepts your kill.
You kill the jackal!
Lugonu accepts your kill. The worm bites you.
* * * LOW HITPOINT WARNING * * *
You thump the worm!
The worm is poisoned.
The worm is heavily wounded.
The worm bites you.
* * * LOW HITPOINT WARNING * * *
You hit the worm but do no damage.
The worm looks even sicker.
The worm is severely wounded.
The worm bites you.
You die...

#!# ###.## ##.## ####..... #...#
#.......# #...# #.##.#..## #####
#...#####.##.#... ....#
#...#.>.#.##.##.#
.##.#####(..#...#$##.##.###
.##..............w)......>#
................@#......>........
###..............†.....#..#......
....###.#...#(..#.#.##.#..#......
#.### #.#...#[..#.#.##.#..# .....
#.# #.#...#÷###)#.......# #####
#.# #...#(# #.##.#.#.## #.#
#.#...#(# #.# .#.#.#
#.#####.......## .#
.............(.#


You could see a worm.

Vanquished Creatures
  Jessica (D:2)
  Terence (D:2)
  3 adders
  2 dart slugs (D:2)
  2 orcs (D:3)
  2 bats
  2 giant cockroaches
  4 hobgoblins
  4 jackals
  6 kobolds
  2 quokkas
  3 giant newts
  8 goblins
  4 rats
44 creatures vanquished.

Vanquished Creatures (collateral kills)
  Sigmund (D:3)
  An adder (D:2)
  A giant newt (D:2)
3 creatures vanquished.

Grand Total: 47 creatures vanquished

Notes
Turn   | Place    | Note
--------------------------------------------------------------
     0 | Abyss:1  | Gargoyl the Demonspawn Abyssal Knight began the quest for the Orb.
     0 | Abyss:1  | Reached XP level 1. HP: 18/18 MP: 2/2
   111 | Abyss:3  | Noticed a large abomination
   135 | Abyss:3  | Noticed a large abomination
   135 | Abyss:3  | Noticed a white very ugly thing
   135 | Abyss:3  | Noticed a neqoxec
   139 | D:1      | Escaped the Abyss
   244 | D:1      | Reached skill level 1 in Dodging
   377 | D:1      | You fall through a shaft!
   382 | D:2      | Gained mutation: A weak demonic guardian rushes to your aid. [demonic ancestry]
   382 | D:2      | Reached XP level 2. HP: 24/24 MP: 3/3
   621 | D:1      | Reached * piety under Lugonu
  1264 | D:2      | Reached XP level 3. HP: 11/29 MP: 5/5
  1690 | D:2      | Noticed Jessica
  1707 | D:2      | Killed Jessica
  1707 | D:2      | Reached XP level 4. HP: 31/35 MP: 6/6
  1725 | D:2      | Noticed Terence
  1732 | D:2      | Gained mutation: Your flesh is cold resistant. [potion of beneficial mutation]
  1918 | D:3      | Reached ** piety under Lugonu
  2004 | D:3      | Noticed Sigmund
  2015 | D:3      | Killed Sigmund
  2015 | D:3      | Reached XP level 5. HP: 22/42 MP: 7/7
  2194 | D:3      | Reached skill level 4 in Fighting
  2586 | D:2      | Killed Terence
  2588 | D:2      | Slain by a worm

Skill      XL: |  1  2  3  4  5 |
---------------+----------------+-----
Dodging        | 1 |  1.7
Armour         | 2 3 |  3.9
Axes           | 2 |  2.8
Fighting       | 4 |  4.0
Invocations    | |  2.9

Action                   |  1- 3 |  4- 6 || total
-------------------------+-------+-------++-------
Melee: Hand axe          |    87 |    55 ||   142
       Flail             |       |    16 ||    16
Invok: Depart the Abyss  |     1 |       ||     1
Evoke: Wand              |     1 |     2 ||     3
  Use: Potion            |     1 |     2 ||     3
  Eat: Chunk             |     2 |     4 ||     6
Armor: Scale mail        |    36 |    36 ||    72
Dodge: Dodged            |    51 |    49 ||   100
Block: Other             |     7 |     6 ||    13
